 Dungeon Crawl Stone Soup version 0.29.1-1-gd02db6906a (webtiles) character file.

Game seed: 6309209107894316493

63 Ashen the Chiller (level 3, -6/25 HPs)
             Began as a Demonspawn Ice Elementalist on Oct 3, 2022.
             Killed from afar by a gnoll (17 damage)
             ... with a bolt of light
             ... on level 2 of the Dungeon.
             The game lasted 00:03:12 (1643 turns).

Ashen the Chiller (Demonspawn Ice Elementalist)     Turns: 1643, Time: 00:03:12

Health: -6/25      AC:  5    Str:  8    XL:     3   Next: 89%
Magic:  7/7        EV: 12    Int: 18    God:
Gold:   95         SH:  0    Dex: 13    Spells: 0/7 levels left

rFire   . . .      SeeInvis .   f - +0 rapier
rCold   . . .      Faith    .   (no shield)
rNeg    . . .      Spirit   .   a - +0 robe
rPois   .          Reflect  .   (no helmet)
rElec   .          Harm     .   (no cloak)
rCorr   .          Rampage  .   (no gloves)
Will    .....                   (no boots)
Stlth   ++........              (no amulet)
HPRegen 0.08/turn               (no ring)
MPRegen 0.10/turn               (no ring)

@: no status effects
A: thin metallic scales 2
a: no special abilities


You were on level 2 of the Dungeon.
You visited 1 branch of the dungeon, and saw 2 of its levels.

You collected 95 gold pieces.

Inventory:

Hand Weapons
 f - a +0 rapier (weapon)
Armour
 a - a +0 robe (worn)
Scrolls
 c - a scroll of enchant weapon {unknown}
 d - 3 scrolls of teleportation {unknown}
 e - 5 scrolls of identify {unknown}
 g - 2 scrolls of enchant armour {unknown}
 j - a scroll of butterflies {unknown}
 k - a scroll of fear {unknown}
 l - a scroll of noise {unknown}
 m - a scroll of immolation {unknown}
 n - a scroll of acquirement {unknown}
 p - a scroll of magic mapping {unknown}
Potions
 b - a potion of magic
 h - a potion of haste {unknown}
 i - a potion of curing {unknown}
 o - a potion of invisibility {unknown}


   Skills:
 + Level 0.6 Fighting
 + Level 2.2 Dodging
 + Level 2.1 Stealth
 * Level 2.8 Spellcasting
 * Level 4.0 Ice Magic


You couldn't memorise any spells.
You knew the following spells:

 Your Spells              Type           Power      Damage    Failure   Level
a - Freeze                Ice            68%        1d8       3%          1
b - Frozen Ramparts       Ice            34%        1d6       10%         3
c - Ozocubu's Armour      Ice            17%        N/A       10%         3

Your spell library contained the following spells:

 Spells                   Type           Power      Damage    Failure   Level
 Dazzling Flash           Conj/Hex       4%         N/A       45%         3
 Hailstorm                Conj/Ice       9%         3d4       58%         4
 Iskenderun's Mystic Bla  Conj/Tloc      2%         2d3       86%         4
 Starburst                Conj/Fire      1%         6d3       100%        6


Dungeon Overview and Level Annotations

Branches:
Dungeon (2/15)

Altars:


Innate Abilities, Weirdness & Mutations

You are mostly covered in thin metallic scales. (AC +3)


Message History

The frilled lizard hisses angrily.
A frilled lizard is nearby!
The gnoll shouts!
An endoplasm comes into view.
The frilled lizard bites you but does no damage.
You closely miss the frilled lizard. The frilled lizard closely misses you.
The frilled lizard bites you but does no damage.
The frilled lizard attacks as you move away!
The frilled lizard bites you but does no damage.
The frilled lizard attacks as you move away!
The frilled lizard barely misses you.
The frilled lizard attacks as you move away!
The frilled lizard misses you.
The frilled lizard attacks as you move away!
The frilled lizard closely misses you.
There is an open door here.
The frilled lizard attacks as you move away!
The frilled lizard barely misses you.
The frilled lizard hisses.
The frilled lizard attacks as you move away!
The frilled lizard closely misses you.
The frilled lizard attacks as you move away!
The frilled lizard bites you but does no damage.
The frilled lizard attacks as you move away!
The frilled lizard closely misses you.
Casting: Freeze (safe; 3% risk of failure)
Confirm with . or Enter, or press ? or * to list all spells.
Aiming: Freeze (safe; 3% risk of failure)
Press: ? - help, Shift-Dir - straight line, f - frilled lizard
Aim: a frilled lizard You freeze the frilled lizard!
You kill the frilled lizard!
The gnoll zaps a wand.
The bolt of light hits you!
You are confused.
Ouch! That really hurt!
You bump into the rock wall.
You feel less confused.
The gnoll zaps a wand.
The bolt of light hits you!
Ouch! That really hurt!
You die...

#.# #.# #.# ######.## #.......#
........#########################
........'....................†...
........#########################
#.......# #.@................
#.......#######.#################
####.##....♣..#.#########
#.####..PP♣.g##......#########
#......._♣P♣..................
######.P.♣...##......#########
#.♣PP♣..#########
##....#.#.....###########
######.#.###.#.........#


You could see a gnoll.

Vanquished Creatures
  A gnoll (D:2)
  An adder (D:2)
  6 ball pythons
  2 endoplasms (D:1)
  3 giant cockroaches (D:1)
  A goblin (D:1)
  3 hobgoblins
  4 jackals (D:1)
  2 kobolds
  4 quokkas
  4 bats
  4 frilled lizards
  4 rats (D:1)
39 creatures vanquished.

Vanquished Creatures (others)
  A withered plant (D:2)
1 creature vanquished.

Grand Total: 40 creatures vanquished

Notes
Turn   | Place    | Note
-------+----------+-------------------------------------------
     0 | D:1      | Ashen the Demonspawn Ice Elementalist began the quest for
                  | the Orb.
     0 | D:1      | Reached XP level 1. HP: 13/13 MP: 3/3
   173 | D:1      | Gained mutation: You are partially covered in thin metallic
                  | scales. (AC +2) [demonic ancestry]
   173 | D:1      | Reached XP level 2. HP: 11/19 MP: 0/5
   586 | D:1      | Gained mutation: You are mostly covered in thin metallic
                  | scales. (AC +3) [demonic ancestry]
   586 | D:1      | Reached XP level 3. HP: 18/24 MP: 2/6
   697 | D:1      | Learned a level 3 spell: Frozen Ramparts
   701 | D:1      | Learned a level 3 spell: Ozocubu's Armour
  1064 | D:2      | Reached skill level 4 in Ice Magic
  1496 | D:2      | Found a faded altar of an unknown god.
  1643 | D:2      | Killed from afar by a gnoll

Illustrated notes

Levels and vault maps discovered:
D:1:      ncdulo_lavacross, layout_rooms
D:2:      layout_basic, ebering_ecumenical_altar_petrified, dk_noncrumbling_4,
          reono_crystal_passage

Skill      XL: |  1  2  3 |
---------------+----------+-----
Stealth        | 2 |  2.1
Dodging        | 2 |  2.2
Ice Magic      | 4 |  4.0
Fighting       | |  0.6
Spellcasting   | |  2.8

Action                   || total
-------------------------++-------
Melee: Unarmed           ||    17
       Rapier            ||    63
 Cast: Freeze            ||    34
 Stab: Sleeping          ||     3
Armor: Robe              ||    42
Dodge: Dodged            ||    85
